 Dungeon Crawl Stone Soup version 0.15.0-14-g6bbbb5c (console) character file.

2294 gw the Cruncher (level 9, 0/55 HPs)
             Began as a Tengu Gladiator on Sept 4, 2014.
             Was a Believer of Trog.
             Succumbed to an orc wizard's poison
             ... on Level 8 of the Dungeon.
             The game lasted 00:04:07 (8120 turns).

gw the Cruncher (Tengu Gladiator)                   Turns: 8120, Time: 00:04:07

HP   0/55        AC  7     Str 15      XL: 9   Next: 40%
MP  12/12        EV 15     Int  9      God: Trog [**....]
Gold 0           SH  0     Dex 18      Spells:  0 memorised,  8 levels left

rFire  + . .     SeeInvis .     a - +1 quarterstaff
rCold  + . .     Clarity  .     q - +0 ring mail of Resoxinu {rF+}
rNeg   . . .     rCorr    .     (no shield)
rPois  .         rRot     .     c - +0 hat
rElec  .         Spirit   .     (no cloak)
SustAb .         Warding  .     k - +1 pair of gloves
rMut   .         Stasis   .     (boots unavailable)
Gourm  .                        (no amulet)
MR     .....                    b - ring of protection from cold
                                g - +2 ring of evasion

@: lethally poisoned, not resistant to hostile enchantments, very unstealthy
A: able to fly, beak, talons 3
a: Fly, Burn Spellbooks, Berserk, Trog's Hand, Renounce Religion


You were on level 8 of the Dungeon.
You worshipped Trog.
Trog was pleased with you.
You were not hungry.

You visited 2 branches of the dungeon, and saw 9 of its levels.

Inventory:

Hand weapons
 a - a +1 quarterstaff (weapon)
Missiles
 d - 5 throwing nets
 j - 251 stones (quivered)
Armour
 c - a +0 hat (worn)
 k - a +1 pair of gloves (worn)
 q - the +0 ring mail of Resoxinu (worn) {rF+}
   (You found it on level 5 of the Dungeon)

   It protects you from fire.
Magical devices
 h - a wand of frost (12)
 p - a wand of fire (2)
 r - a wand of slowing (18)
 w - a wand of polymorph (16)
Comestibles
 f - 8 bread rations
 m - 4 beef jerkies
 o - 2 slices of pizza
 s - 3 meat rations
 v - 4 fruits
Scrolls
 n - 5 scrolls of identify
Jewellery
 b - a ring of protection from cold (right hand)
 g - a +2 ring of evasion (left hand)
Potions
 i - a potion of resistance
 t - a potion of restore abilities


   Skills:
 + Level 5.9 Fighting
 * Level 9.3 Staves
 + Level 6.3 Throwing
 + Level 6.5 Dodging


You had 8 spell levels left.
You didn't know any spells.

Dungeon Overview and Level Annotations

Branches:
Dungeon (8/15)             Temple (1/1) D:4            Lair (0/8) D:8

Altars:
Ashenzari
Cheibriados
Dithmenos
Elyvilon
Fedhas
Kikubaaqudgha
Makhleb
Nemelex Xobeh
Okawaru
Trog
Vehumet
Yredelemnul
The Shining One


Innate Abilities, Weirdness & Mutations

You can fly.
You have a beak for a mouth.
You have claws for feet.


Message History

ATTACKING (1,1)
You feel very sick.
You hear some strange, mumbled words.
The puff of flame misses you.
Things that are here:
a dagger; a robe; an orc corpse MOVING TO (-1,-1)
You feel sick. Something hits you but does no damage.
You are more poisoned.
ATTACKING (0,1)
You feel very sick. Something hits you but does no damage.
You are more poisoned.
MOVING TO (0,-1)
You feel very sick. Something hits you but does no damage.
You are more poisoned.
ATTACKING (1,0)
You hit something.
You die...

... ....
.....
.....
######...#
#Q{...(#
#.))...#
#......#
#$.....#
#......#
#......#
#......#
#......#
####'###


There were no monsters in sight!

Table legend:
 A = Turns spent in this place as a percentage of turns spent in the entire game.
 B = Non-inter-level travel turns spent in this place as a percentage of non-inter-level travel turns spent in the entire game.
 C = Inter-level travel turns spent in this place as a percentage of turns spent in this place.
 D = Turns resting spent in this place as a percentage of non-inter-level travel turns spent in this place.
 E = Turns spent auto-exploring this place as a percentage of non-inter-level travel turns spent in this place.
 F = Non-inter-level travel turns spent in this place divided by the number of levels of this place that you've seen.
                   A       B       C       D       E      F
               +-------+-------+-------+-------+-------+----------------------
         Total | 100.0 | 100.0 |   0.8 |   5.2 |  16.8 | 229.0
       Dungeon |  98.3 |  98.3 |   0.7 |   5.2 |  16.4 | 253.2
        Temple |   1.7 |   1.7 |   2.8 |   2.9 |  40.0 |  35.0
               +-------+-------+-------+-------+-------+----------------------

Table legend:
 A = Kills in this place as a percentage of kills in entire the game.
 B = Kills by you in this place as a percentage of kills by you in the entire game.
 C = Kills by friends in this place as a percentage of kills by friends in the entire game.
 D = Other kills in this place as a percentage of other kills in the entire game.
 E = Experience gained in this place as a percentage of experience gained in the entire game.
 F = Experience gained in this place divided by the number of levels of this place that you have seen.
                   A       B       C       D       E      F
               +-------+-------+-------+-------+-------+----------------------
         Total | 100.0 | 100.0 |  -nan |  -nan | 100.0 | 364.2
       Dungeon | 100.0 | 100.0 |  -nan |  -nan | 100.0 | 409.8
               +-------+-------+-------+-------+-------+----------------------

Vanquished Creatures
  A fire drake (D:8)
  Grinder (D:3)
  A water moccasin (D:8)
  2 phantoms
  2 sky beasts
  2 giant frogs
  4 scorpions
  A goliath beetle (D:6)
  A jelly (D:7)
  4 crimson imps
  A quasit (D:7)
  An elf zombie (D:7)
  A giant frog zombie (D:5)
  2 orc priests
  13 orc wizards
  3 worker ants
  Ijyb (D:2)
  A shadow imp (D:8)
  7 adders
  2 giant mites
  2 worms
  3 giant geckos
  4 oozes
  12 orcs
  14 bats
  A bat skeleton (D:7)
  6 giant cockroaches
  10 goblins
  18 hobgoblins
  13 jackals
  15 kobolds
  3 quokkas
  8 giant newts
  A hobgoblin zombie (D:5)
  A jackal zombie (D:6)
  17 rats
179 creatures vanquished.

Notes
Turn   | Place    | Note
--------------------------------------------------------------
     0 | D:1      | gw, the Tengu Gladiator, began the quest for the Orb.
     0 | D:1      | Reached XP level 1. HP: 12/12 MP: 1/1
   200 | D:1      | Reached XP level 2. HP: 17/17 MP: 3/3
   782 | D:1      | Reached XP level 3. HP: 19/22 MP: 4/4
  1314 | D:2      | Reached skill level 4 in Staves
  1439 | D:2      | Noticed Ijyb
  1494 | D:2      | Killed Ijyb
  1494 | D:2      | Reached XP level 4. HP: 22/27 MP: 5/5
  1844 | D:3      | Noticed Grinder
  1856 | D:3      | Killed Grinder
  1856 | D:3      | Reached skill level 5 in Staves
  1856 | D:3      | Reached XP level 5. HP: 8/32 MP: 7/7
  1856 | D:3      | Reached XP level 6. HP: 9/37 MP: 8/8
  3213 | D:5      | Entered Level 5 of the Dungeon
  3268 | D:5      | Reached XP level 7. HP: 39/42 MP: 9/9
  3406 | D:5      | Reached skill level 6 in Staves
  3870 | D:4      | Found a staircase to the Ecumenical Temple.
  3877 | D:4      | Reached skill level 5 in Dodging
  3887 | Temple   | Entered the Ecumenical Temple
  4019 | Temple   | Became a worshipper of Trog the Wrathful
  4799 | D:5      | Reached XP level 8. HP: 35/48 MP: 11/11
  4996 | D:5      | Got a bronze ring mail
  5007 | D:5      | Identified the +0 ring mail of Resoxinu {rF+} (You found it on level 5 of the Dungeon)
  5214 | D:6      | Reached skill level 7 in Staves
  5499 | D:6      | Acquired Trog's first power
  5508 | D:6      | Reached skill level 5 in Throwing
  6044 | D:6      | Acquired Trog's second power
  6137 | D:6      | Found an ancient bone altar of Kikubaaqudgha.
  6255 | D:6      | Gained mutation: Your mind is acute. (Int +2) [potion of beneficial mutation]
  6257 | D:6      | Lost mutation: Your mind is acute. (Int +2) [potion of cure mutation]
  6408 | D:7      | Reached skill level 5 in Fighting
  6451 | D:7      | Reached skill level 8 in Staves
  6887 | D:7      | Reached XP level 9. HP: 54/54 MP: 12/12
  7321 | D:7      | Found a staircase to the Ecumenical Temple.
  7606 | D:8      | Found a staircase to the Lair.
  7608 | D:8      | Noticed a fire drake
  7617 | D:8      | Killed a fire drake
  7617 | D:8      | Reached skill level 9 in Staves
  7879 | D:8      | HP: 1/55 [sky beast (6)]
  8120 | D:8      | Succumbed to an orc wizard's poison

Action                   |  1- 3 |  4- 6 |  7- 9 || total
-------------------------+-------+-------+-------++-------
Melee: Quarterstaff      |    83 |    68 |   265 ||   416
Throw: Stone             |    26 |    38 |   169 ||   233
       Javelin           |    17 |    41 |    14 ||    72
       Tomahawk          |       |       |    37 ||    37
Invok: Berserk           |       |       |     2 ||     2
       Trog's Hand       |       |       |     5 ||     5
Evoke: Wand              |       |     1 |     3 ||     4
  Use: Potion            |     4 |     5 |    10 ||    19
       Scroll            |     1 |     7 |     3 ||    11
  Eat: Chunk             |     2 |     1 |    14 ||    17
       Bread ration      |       |     1 |     1 ||     2

Vault maps used:
D:1:      lightli_molten_gateway, minmay_misc_feat_five, minmay_quantized
D:2:      uniq_iyjb
D:3:      serial_glass, glass_columns_c, glass_columns_b,
          corexii_leaking_fountain, uniq_grinder
D:4:      minmay_temple_entry_butterflies, first_bread, serial_curves,
          eino_curves_03, eino_curves_01, kennysheep_cross_room, led_xom_imps
D:5:      hangedman_abyss_or_decor_stagger
D:6:      minmay_flawed_box, kennysheep_mini_moat
D:7:      minmay_temple_entry_nine_rooms
D:8:      led_sif_book, minmay_lair_entry_lava, hangedman_little_slice_of_home
Temple:   chambers_temple_12
